 Dungeon Crawl Stone Soup version 0.27-a0-686-gaed091b46b (webtiles) character file.

Game seed: 16821471416603063852

51 Anon1729 the Sneak (level 4, -1/27 HPs)
             Began as a Kobold Brigand on Mar 21, 2021.
             Slain by a hobgoblin
             ... wielding a +0 club
              (6 damage)
             ... on level 2 of the Dungeon.
             The game lasted 00:02:22 (2059 turns).

Anon1729 the Sneak (Kobold Brigand)                 Turns: 2059, Time: 00:02:22

Health: -1/27      AC:  3    Str:  8    XL:     4   Next: 5%
Magic:  4/4        EV: 14    Int: 12    God:
Gold:   89         SH:  0    Dex: 17    Spells: 4/4 levels left

rFire    . . .     SeeInvis .   a - +2 dagger
rCold    . . .     Faith    .   (shield restricted)
rNeg     . . .     Spirit   .   b - +0 robe
rPois    .         Reflect  .   (no helmet)
rElec    .         Harm     .   c - +0 cloak
rCorr    .         Rampage  .   (no gloves)
Will     .....                  (no boots)
Stlth    ++++......             (no amulet)
HPRegen  0.09/turn              (no ring)
MPRegen  0.09/turn              (no ring)

@: no status effects
A: small, no large weapons, nightstalker 3
a: no special abilities


You were on level 2 of the Dungeon.
You visited 1 branch of the dungeon, and saw 2 of its levels.

You collected 89 gold pieces.

Inventory:

Hand Weapons
 a - a +2 dagger (weapon)
 l - a +0 hunting sling
Missiles
 d - 6 poisoned darts (quivered)
 e - 2 curare-tipped darts
Armour
 b - a +0 robe (worn)
 c - a +0 cloak (worn)
Jewellery
 g - a +4 ring of slaying
 i - an amulet of regeneration
 j - a +6 ring of strength
Scrolls
 f - a scroll of fog {unknown}
 h - a scroll of magic mapping {unknown}
 k - a scroll of teleportation {unknown}


   Skills:
 + Level 2.5 Fighting
 + Level 3.3 Short Blades
 + Level 2.6 Throwing
 + Level 2.0 Dodging
 * Level 6.0 Stealth
 + Level 0.6 Spellcasting


You had 4 spell levels left.
You didn't know any spells.
Your spell library contained the following spells:

 Spells                   Type           Power      Damage    Failure   Level
 Confusing Touch          Hex            0%         N/A       67%         3
 Gell's Gravitas          Tloc           0%         N/A       67%         3
 Petrify                  Tmut/Erth      0%         N/A       97%         4
 Metabolic Englaciation   Hex/Ice        0%         N/A       100%        5
 Yara's Violent Unravell  Hex/Tmut       0%         3d3       100%        5


Dungeon Overview and Level Annotations

Branches:
Dungeon (2/15)

Altars:


Innate Abilities, Weirdness & Mutations

You are small and have problems with some larger weapons.
You are completely attuned to the shadows.


Message History

Aim: a hobgoblin (62% to hit)
You throw a poisoned dart. The poisoned dart hits the hobgoblin.
The hobgoblin is poisoned.
The hobgoblin hits you.
Throw: 6 darts (poison)
Press: ? - help, Q - select action, (/) - cycle Shift-Dir - straight line, f/p - hobgoblin
Aim: a hobgoblin (poisoned, 62% to hit)
You throw a poisoned dart.
The poisoned dart closely misses the hobgoblin.
The poisoned dart hits the goblin.
The goblin is poisoned.
The hobgoblin barely misses you.
You kill the goblin!
Your Dodging skill increases to level 2!
You hit the hobgoblin but do no damage.
The hobgoblin is almost dead.
You kill the hobgoblin!
k - a scroll labelled ZITIPO USAJ You now have 89 gold pieces (gained 13).
You see here a hobgoblin corpse.
d - 6 poisoned darts (gained 1)
Items here: ( )) †.
l - a +0 hunting sling A hobgoblin comes into view.
It is wielding a +0 club.
A hobgoblin is nearby!
A hobgoblin is nearby!
You see here a poisoned dart.
The hobgoblin closely misses you.
You hit the hobgoblin.
The hobgoblin is heavily wounded.
The hobgoblin hits you with a +0 club.
You are too injured to fight recklessly!
You are too injured to fight recklessly!
You hit the hobgoblin.
The hobgoblin is severely wounded.
The hobgoblin hits you with a +0 club!
* * * LOW HITPOINT WARNING * * *
You hit the hobgoblin but do no damage.
The hobgoblin is severely wounded.
The hobgoblin hits you with a +0 club.
You die...

.#. .# .#.#.# ...#†#
.....###.##
.......#..###. #.......
....##.#...#.# #.......
..#.##.#....####.......
#
.........#.......g.....
#
.##÷####.....###@......
# .##.#
##..†..)(..(.... ####
.##.######...###.......
.... .....†.# ##.##
#.##.### #### ....##.#
#.# #.# .. # ######.#
#.# #.# # #.# #.# # #)#
#.# #..# # #.# #.# #..#
#


You could see a hobgoblin.

Vanquished Creatures
  An adder (D:2)
  A worm (D:2)
  2 leopard geckos (D:1)
  5 bats
  A giant cockroach (D:1)
  4 goblins
  7 hobgoblins
  2 jackals (D:2)
  3 frilled lizards
  6 kobolds (D:1)
  3 rats (D:1)
35 creatures vanquished.

Notes
Turn   | Place    | Note
-------+----------+-------------------------------------------
     0 | D:1      | Anon1729 the Kobold Brigand began the quest for the Orb.
     0 | D:1      | Reached XP level 1. HP: 12/12 MP: 1/1
   158 | D:1      | Reached XP level 2. HP: 17/17 MP: 2/2
   830 | D:1      | Reached XP level 3. HP: 22/22 MP: 3/3
  1151 | D:2      | HP: 1/22 [adder (5)]
  1765 | D:2      | Reached skill level 6 in Stealth
  1781 | D:2      | Reached XP level 4. HP: 9/27 MP: 4/4
  2059 | D:2      | Slain by a hobgoblin

Illustrated notes

Levels and vault maps discovered:
D:1:      lightli_arrival_statue_moat, layout_loops_corners, grunt_decor_cap
D:2:      layout_loops_ring

Skill      XL: |  1  2  3  4 |
---------------+-------------+-----
Short Blades   | 3 |  3.3
Stealth        | 6 |  6.0
Dodging        | 2 |  2.0
Fighting       | |  2.5
Throwing       | |  2.6
Spellcasting   | |  0.6

Action                   |  1- 3 |  4- 6 || total
-------------------------+-------+-------++-------
Melee: Dagger            |    77 |     7 ||    84
Throw: Dart              |    11 |     3 ||    14
  Use: Potion            |     1 |       ||     1
 Stab: Sleeping          |    24 |       ||    24
Armor: Robe              |     6 |     1 ||     7
Dodge: Dodged            |    41 |     4 ||    45

Table legend: (Time is in decaauts)
 A = Elapsed time spent in this place.
 B = Non-inter-level travel time spent in this place.
 C = Inter-level travel time spent in this place.
 D = Time resting spent in this place.
 E = Time spent auto-exploring this place.
 F = Levels seen in this place.
 G = Mean time per level.
                   A        B        C        D        E       F      G
               +--------+--------+--------+--------+--------+-----+--------+
         Total |   2044 |   2011 |     33 |    230 |   1490 |   2 | 1022.0 |
       Dungeon |   2044 |   2011 |     33 |    230 |   1490 |   2 | 1022.0 |
               +--------+--------+--------+--------+--------+-----+--------+

Top non-repeatable levels by time:
     D:1: 1114 daAuts
     D:2: 929 daAuts
